 Dungeon Crawl Stone Soup version 0.31-a0-675-g238779eb0a (webtiles) character file.

Game seed: 14606341847074611626

4155 qw the Skirmisher (level 10, -5/64 HPs)
             Began as a Gargoyle Hunter on Sept 5, 2023.
             Was a Follower of Okawaru.
             Slain by Erica
             ... wielding a +3 scimitar of flaming
              (9 damage)
             ... on level 8 of the Dungeon.
             The game lasted 00:03:10 (6164 turns).

qw the Skirmisher (Gargoyle Hunter)                 Turns: 6164, Time: 00:03:11

Health: -5/64      AC: 13    Str: 21    XL:     10   Next: 28%
Magic:  12/12      EV: 14    Int: 10    God:    Okawaru [*.....]
Gold:   55         SH:  0    Dex: 17    Spells: 9/9 levels left

rFire   . . .        Y - +0 orcbow
rCold   . . .        (shield currently unavailable)
rNeg    + . .        b - +0 ring mail
rPois   inf          (no helmet)
rElec   +            (no cloak)
rCorr   .            (no gloves)
SInv    .            (no boots)
Will    .....        c - amulet of the acrobat
Stlth   +            i - +5 ring of evasion
HPRegen 0.30/turn    a - +6 ring of strength
MPRegen 0.13/turn

%: acrobat
@: grasped by roots, constricted
A: sickness immunity, AC +7, negative energy resistance 1, electricity
resistance, torment resistance 1, petrification resistance
a: Renounce Religion, Heroism


You were on level 8 of the Dungeon.
You worshipped Okawaru.
Okawaru was aware of your devotion.
You visited 2 branches of the dungeon, and saw 9 of its levels.

You collected 229 gold pieces.
You spent 174 gold pieces at shops.


Innate Abilities, Weirdness & Mutations

You are immune to sickness and miasma.
Your stone body is resilient. (AC +7)
You are immune to poison.
You resist negative energy. (rN+)
You are resistant to electric shocks. (rElec)
You are resistant to unholy torment.
You are immune to petrification.


   Skills:
 - Level 8.0 Fighting
 + Level 11.6 Ranged Weapons
 - Level 4.7 Armour
 - Level 3.0 Dodging
 - Level 1.1 Stealth
 + Level 3.9 Invocations


You had 9 spell levels left.
You didn't know any spells.
Your spell library was empty.

Inventory:

Hand Weapons
 Y - a +0 orcbow (weapon)
Armour
 b - a +0 ring mail (worn)
 h - a +0 helmet
Jewellery
 a - a +6 ring of strength (right hand)
 c - an amulet of the acrobat (around neck)
 i - a +5 ring of evasion (left hand)
Scrolls
 g - 3 scrolls of teleportation
 l - a scroll of identify
Potions
 d - a potion of attraction {unknown}
 e - a potion of curing {unknown}
 f - a potion of brilliance {unknown}
 j - a potion of enlightenment {unknown}
 k - a potion of heal wounds {unknown}
 m - a potion of magic {unknown}
 n - a potion of haste {unknown}

Dungeon Overview and Level Annotations

Branches:
Dungeon (8/15)             Temple (1/1) D:7
   Lair: D:8-11

Altars:
Cheibriados
Dithmenos
Gozag
Hepliaklqana
Kikubaaqudgha
Makhleb
Nemelex Xobeh
Okawaru
Qazlal
Ru
Sif Muna
Trog
Uskayaw
Vehumet
Wu Jian
Xom
Yredelemnul
Zin
The Shining One

Shops:
D:3 (   D:7 [*=(

Annotations:
D:8 Erica


Message History

You hear a zap.
The roots erupt in riotous growth!
The grasping roots grab you!
You are constricted.
You shoot an arrow. You shoot an arrow. Something hits you but does no damage.
You are constricted!
You shoot an arrow. Something hits you but does no damage.
You are constricted.
You shoot an arrow. Something barely misses you.
You are constricted!
The grasping roots release their grip on you.
You shoot an arrow. You shoot an arrow. Something hits you!
Something burns you.
You shoot an arrow. Something closely misses you.
You shoot an arrow.
You hear some strange, mumbled words.
A lance of force appears from out of thin air!
The lance of force misses you.
You shoot an arrow. You shoot an arrow. Something hits you.
Something burns you.
You shoot an arrow.
You feel like a meek peon again. Something hits you but does no damage.
You shoot an arrow.
You hear some strange, mumbled words.
Something tries to affect you, but you resist.
You shoot an arrow. Something hits you. Something burns you.
You shoot an arrow.
You hear a zap.
The roots erupt in riotous growth!
The grasping roots grab you!
You are constricted.
You shoot an arrow. Something hits you!
You die...

####### #......# ##### .......
#......# #.... ....# # #
#......#######.### ###.#
#.#####.......##.......#
..#.######.............##.###.#.#
#)#....................##.#...#.#
.....................>%##.#.###.#
#.###..................%.........
#.#####'##.....{@..############.#
#......<........#### #..|.....#
...###.####'##'## . ######.###
##..........##.. . ######'#
........######.# #.###.#...##
#.####...#####.# #....#.#.# #.#
#.#.......# #.##...#.#
#.####.##......# #.#...##.#
#......##......# #.#.#....#


There were no monsters in sight!

Vanquished Creatures
  A hornet (D:8)
  Grinder (D:3)
  Sigmund (D:3)
  5 yaks (D:8)
  A wyvern (D:7)
  A steam dragon (D:7)
  Edmund (D:5)
  A water moccasin (D:7)
  3 ice beasts
  A sky beast (D:7)
  An orc warrior (D:6)
  3 black bears
  An ogre (D:3)
  A centaur (D:8)
  A bullfrog (D:7)
  4 scorpions
  8 wights (D:7)
  2 howler monkeys (D:8)
  2 jellies
  4 hounds
  An orc priest (D:3)
  4 iguanas
  Ijyb (D:5)
  5 orc wizards
  2 sleepcaps
  6 gnolls (D:5)
  5 adders
  3 shadow imps
  A white imp (D:6)
  3 dart slugs
  20 orcs
  8 ball pythons
  5 bats
  11 endoplasms
  7 giant cockroaches
  9 goblins
  7 hobgoblins
  4 jackals
  8 kobolds
  A quokka (D:1)
  15 frilled lizards
  3 rats
172 creatures vanquished.

Notes
Turn   | Place    | Note
-------+----------+-------------------------------------------
     0 | D:1      | qw the Gargoyle Hunter began the quest for the Orb.
     0 | D:1      | Reached XP level 1. HP: 12/12 MP: 1/1
     0 | D:1      | 0 ||| qw: Version: 0.3-a-75-g829b12e
     0 | D:1      | 0 ||| qw: Game counter: 37
     0 | D:1      | 0 ||| qw: Melee chars always use a shield: true
     0 | D:1      | 0 ||| qw: God list: Okawaru
     0 | D:1      | 0 ||| qw: Allow faded altars: false
     0 | D:1      | 0 ||| qw: Do Orc after clearing Dungeon:15 true
     0 | D:1      | 0 ||| qw: Do second Lair branch before Depths: true
     0 | D:1      | 0 ||| qw: Lair rune preference: random
     0 | D:1      | 0 ||| qw: Goals: Normal
     0 | D:1      | 0 ||| PLANNING D:1-11
    89 | D:1      | Reached XP level 2. HP: 17/17 MP: 2/2
   400 | D:1      | Reached XP level 3. HP: 16/21 MP: 3/3
   406 | D:1      | Reached skill level 5 in Ranged Weapons
   628 | D:1      | 628 ||| READING scroll labelled REOGIS CIANENI.
   629 | D:1      | 629 ||| READING scroll labelled DYOPTE DIMISUC.
   630 | D:1      | 630 ||| DROPPING scroll of butterflies.
   755 | D:2      | Found a faded altar of an unknown god.
   801 | D:2      | Reached skill level 3 in Fighting
   995 | D:2      | Reached XP level 4. HP: 28/28 MP: 4/4
  1298 | D:2      | 1298 ||| UPGRADING to +0 ring mail.
  1308 | D:2      | 1308 ||| DROPPING +0 leather armour.
  1309 | D:2      | 1309 ||| READING scroll labelled ZAIMAE QIMEKKI.
  1313 | D:2      | 1313 ||| READING scroll labelled OFIONE YRELATRYMU.
  1347 | D:3      | Noticed Grinder
  1360 | D:3      | Killed Grinder
  1361 | D:3      | Reached XP level 5. HP: 29/32 MP: 5/5
  1361 | D:3      | Reached XP level 6. HP: 33/37 MP: 6/6
  1376 | D:3      | Found Lunar's Weapon Emporium.
  1391 | D:3      | 1391 ||| SHOPLISTING +3 sling "Ximait" {drain, Will+ Int-5
                  | Stlth+} (248 gold, have 50).
  1633 | D:3      | 1633 ||| Stepping ~*~*~tactically~*~*~ (outnumbered).
  1705 | D:3      | 1705 ||| SWAPPING to +0 orcbow.
  1706 | D:3      | 1706 ||| DROPPING +0 shortbow.
  1936 | D:3      | Noticed Sigmund
  1947 | D:3      | Killed Sigmund
  1948 | D:3      | Reached skill level 6 in Ranged Weapons
  1948 | D:3      | Reached XP level 7. HP: 24/41 MP: 7/7
  2159 | D:3      | 2159 ||| UPGRADING to +5 ring of evasion.
  2160 | D:3      | 2160 ||| READING scroll labelled NIBROP ERARROR.
  2161 | D:3      | 2161 ||| READING 2 scrolls labelled NEOLABRYGA.
  2162 | D:3      | 2162 ||| READING scroll labelled IXATIN ZUNAIPH.
  2163 | D:3      | 2163 ||| READING scroll labelled DOCOUSHRA NYTO.
  2164 | D:3      | 2164 ||| DROPPING scroll of poison.
  2191 | D:4      | 2191 ||| STAIRDANCE
  2205 | D:4      | 2205 ||| STAIRDANCE
  2251 | D:4      | Reached skill level 7 in Ranged Weapons
  2411 | D:4      | HP: 8/43 [black bear (4)]
  2415 | D:4      | Reached skill level 8 in Ranged Weapons
  2415 | D:4      | Reached XP level 8. HP: 4/48 MP: 8/8
  2444 | D:4      | 2444 ||| FLEEEEING.
  2445 | D:4      | 2445 ||| FLEEEEING.
  2446 | D:4      | 2446 ||| FLEEEEING.
  2447 | D:4      | 2447 ||| FLEEEEING.
  2448 | D:4      | 2448 ||| FLEEEEING.
  2449 | D:4      | 2449 ||| FLEEEEING.
  2450 | D:4      | 2450 ||| FLEEEEING.
  2451 | D:4      | 2451 ||| FLEEEEING.
  2452 | D:4      | 2452 ||| FLEEEEING.
  2453 | D:4      | 2453 ||| FLEEEEING.
  2454 | D:4      | 2454 ||| FLEEEEING.
  2455 | D:4      | 2455 ||| STAIRDANCE
  2774 | D:4      | 2774 ||| UPGRADING to +6 ring of strength.
  2781 | D:5      | Entered Level 5 of the Dungeon
  2836 | D:5      | Noticed Edmund
  2843 | D:5      | Killed Edmund
  2913 | D:5      | Noticed Ijyb
  2918 | D:5      | Killed Ijyb
  2972 | D:5      | 2972 ||| FLEEEEING.
  2973 | D:5      | 2973 ||| FLEEEEING.
  2974 | D:5      | 2974 ||| FLEEEEING.
  2975 | D:5      | 2975 ||| FLEEEEING.
  2976 | D:5      | 2976 ||| FLEEEEING.
  2977 | D:5      | 2977 ||| FLEEEEING.
  2978 | D:5      | 2978 ||| FLEEEEING.
  3155 | D:5      | Reached skill level 9 in Ranged Weapons
  3213 | D:5      | 3213 ||| DROPPING +6 ring of intelligence.
  3214 | D:5      | 3214 ||| READING scroll labelled VOGUWN BIFIGG.
  3215 | D:5      | 3215 ||| READING scroll labelled SAMYPT ZEPTOUP.
  3394 | D:6      | Reached skill level 6 in Fighting
  3620 | D:6      | HP: 11/51 [orc warrior/+0 war axe (7)]
  3621 | D:6      | 3621 ||| READING 4 scrolls of teleportation.
  3623 | D:6      | Reached XP level 9. HP: 10/55 MP: 9/9
  4101 | D:6      | 4101 ||| DROPPING scarf of harm.
  4102 | D:6      | 4102 ||| DRINKING 2 silvery potions.
  4103 | D:6      | 4103 ||| DROPPING potion of degeneration.
  4167 | D:7      | Reached skill level 10 in Ranged Weapons
  4235 | D:7      | Found Cebil's Assorted Antiques.
  4244 | D:7      | 4244 ||| BUYING emerald potion (27 gold).
  4244 | D:7      | Bought an emerald potion for 27 gold pieces
  4244 | D:7      | 4244 ||| BUYING glass wand (120 gold).
  4244 | D:7      | Bought a glass wand for 120 gold pieces
  4244 | D:7      | 4244 ||| BUYING orange potion (27 gold).
  4244 | D:7      | Bought an orange potion for 27 gold pieces
  4244 | D:7      | 4244 ||| SHOPLISTING white potion (27 gold, have 8).
  4257 | D:7      | Found Ovuch's Armour Shoppe.
  4263 | D:7      | 4263 ||| SHOPLISTING +0 cloak (54 gold, have 8).
  4263 | D:7      | 4263 ||| SHOPLISTING +0 pair of boots (54 gold, have 8).
  4263 | D:7      | 4263 ||| SHOPLISTING +4 ring mail of cold resistance (372
                  | gold, have 8).
  4499 | D:7      | Found a staircase to the Ecumenical Temple.
  4500 | D:7      | 4500 ||| PLANNING TEMPLE
  4500 | D:7      | 4500 ||| DROPPING scarf of invisibility.
  4501 | D:7      | 4501 ||| DRINKING 2 emerald potions.
  4508 | D:7      | 4508 ||| READING 2 scrolls of identify.
  4508 | D:7      | 4508 ||| IDENTIFYING viscous grey potion
  4509 | D:7      | 4509 ||| DROPPING potion of berserk rage.
  4510 | D:7      | 4510 ||| DROPPING potion of ambrosia.
  4511 | D:7      | 4511 ||| DROPPING wand of paralysis (5).
  4516 | Temple   | Entered the Ecumenical Temple
  4517 | Temple   | 4517 ||| PLANNING OKAWARU WORSHIP
  4526 | Temple   | Became a worshipper of Warmaster Okawaru
  4527 | Temple   | 4527 ||| PLANNING D:1-11
  4577 | D:7      | Found Irugazu's Antique Weapon Boutique.
  5021 | D:7      | Found Qysecs's Jewellery Shoppe.
  5026 | D:7      | 5026 ||| SHOPLISTING amulet of regeneration (360 gold, have
                  | 14).
  5026 | D:7      | 5026 ||| SHOPLISTING ring of ice (300 gold, have 14).
  5026 | D:7      | 5026 ||| SHOPLISTING ring of protection from fire (300
                  | gold, have 14).
  5026 | D:7      | 5026 ||| SHOPLISTING ring of the Quiescent God {rElec rC++
                  | SInv} (558 gold, have 14).
  5187 | D:7      | 5187 ||| RETREATING.
  5189 | D:7      | 5189 ||| Stepping ~*~*~tactically~*~*~ (retreating).
  5204 | D:7      | Reached * piety under Okawaru
  5205 | D:7      | Reached skill level 3 in Dodging
  5205 | D:7      | 5205 ||| FLEEEEING.
  5206 | D:7      | 5206 ||| FLEEEEING.
  5207 | D:7      | 5207 ||| FLEEEEING.
  5208 | D:7      | 5208 ||| FLEEEEING.
  5209 | D:7      | 5209 ||| FLEEEEING.
  5210 | D:7      | 5210 ||| FLEEEEING.
  5211 | D:7      | 5211 ||| FLEEEEING.
  5212 | D:7      | 5212 ||| FLEEEEING.
  5213 | D:7      | 5213 ||| FLEEEEING.
  5214 | D:7      | 5214 ||| FLEEEEING.
  5215 | D:7      | 5215 ||| FLEEEEING.
  5216 | D:7      | 5216 ||| FLEEEEING.
  5217 | D:7      | 5217 ||| FLEEEEING.
  5218 | D:7      | 5218 ||| FLEEEEING.
  5219 | D:7      | 5219 ||| FLEEEEING.
  5220 | D:7      | 5220 ||| FLEEEEING.
  5221 | D:7      | 5221 ||| FLEEEEING.
  5222 | D:7      | 5222 ||| FLEEEEING.
  5223 | D:7      | 5223 ||| FLEEEEING.
  5224 | D:7      | 5224 ||| FLEEEEING.
  5225 | D:7      | 5225 ||| FLEEEEING.
  5226 | D:7      | 5226 ||| FLEEEEING.
  5227 | D:7      | 5227 ||| STAIRDANCE
  5331 | D:6      | 5331 ||| UPGRADING to amulet of the acrobat.
  5345 | D:7      | 5345 ||| INVOKING Heroism.
  5348 | D:7      | Reached skill level 11 in Ranged Weapons
  5364 | D:7      | 5364 ||| STAIRDANCE
  5607 | D:8      | 5607 ||| Stepping ~*~*~tactically~*~*~ (retreating).
  5624 | D:8      | Reached skill level 1 in Invocations
  5624 | D:8      | Reached XP level 10. HP: 48/64 MP: 9/11
  5715 | D:8      | 5715 ||| INVOKING Heroism.
  5724 | D:8      | Reached skill level 3 in Invocations
  5727 | D:8      | 5727 ||| FLEEEEING.
  5730 | D:8      | 5730 ||| FLEEEEING.
  5731 | D:8      | 5731 ||| FLEEEEING.
  5732 | D:8      | 5732 ||| FLEEEEING.
  5733 | D:8      | 5733 ||| STAIRDANCE
  5855 | D:8      | 5855 ||| INVOKING Heroism.
  6135 | D:8      | Noticed Erica
  6136 | D:8      | 6136 ||| INVOKING Heroism.
  6155 | D:8      | HP: 15/64 [something (2)]
  6162 | D:8      | HP: 9/64 [something (3)]
  6163 | D:8      | HP: 4/64 [something (3)]
  6164 | D:8      | Slain by Erica

Levels and vault maps discovered:
D:1:      amcnicky_arrival_choice, layout_loops_ring
D:2:      layout_loops_ring, hellmonk_ecumenical_altar_crossroads
D:3:      minmay_evil_eye, layout_loops_ring, serial_shops, shop, uniq_grinder,
          uniq_sigmund
D:4:      layout_rooms
D:5:      layout_rooms, uniq_ijyb, uniq_edmund
D:6:      layout_basic, minmay_lizard_king
D:7:      layout_loops_ring, minmay_temple_entry_grid, serial_shops,
          nicolae_shop_tiny_statue_garden, nicolae_shop_waterfront, shop,
          nicolae_square_shop
D:8:      layout_basic, mainiacjoe_overflow_swirl, lightli_corner_chamber,
          uniq_erica
Temple:   hellmonk_temple_of_storms

Skill      XL: |  1  2  3  4  5  6  7  8  9 10 |
---------------+-------------------------------+-----
Ranged Weapons | 5 6 8 9 11 | 11.6
Fighting       | 3 4 6 8 |  8.0
Armour         | 4 |  4.7
Dodging        | 2 3 |  3.0
Invocations    | 1 3 |  3.9
Stealth        | |  1.1

Action                     |  1- 3 |  4- 6 |  7- 9 | 10-12 || total
---------------------------+-------+-------+-------+-------++-------
   Fire: Shortbow          |   136 |    63 |       |       ||   199
         Orcbow            |       |    14 |   522 |    81 ||   617
 Invoke: Heroism           |       |       |     1 |     3 ||     4
    Use: Scroll            |     2 |     2 |     8 |       ||    12
         Potion            |       |       |     2 |       ||     2
 Armour: Leather armour    |    48 |       |       |       ||    48
         Ring mail         |       |    27 |   185 |    30 ||   242
  Dodge: Dodged            |    59 |    19 |   252 |    42 ||   372

Table legend:
 A = Non-vault XP
 B = Vault XP
 C = Vault XP percentage of total XP
 D = Non-vault monster count
 E = Vault monster count
 F = Vault count percentage of total count
                 A         B        C        D         E       F
            +---------+---------+-------+---------+---------+-------
      Total |    5181 |     755 |  12.7 |     148 |      24 |  14.0
            +---------+---------+-------+---------+---------+-------
        D:1 |      48 |       0 |   0.0 |      25 |       0 |   0.0
        D:2 |      43 |       0 |   0.0 |      20 |       0 |   0.0
        D:3 |     233 |     516 |  68.9 |      17 |       8 |  32.0
        D:4 |     556 |       0 |   0.0 |      17 |       0 |   0.0
        D:5 |     460 |     189 |  29.1 |      20 |       2 |   9.1
        D:6 |     451 |      50 |  10.0 |      15 |      14 |  48.3
        D:7 |    1607 |       0 |   0.0 |      23 |       0 |   0.0
        D:8 |    1783 |       0 |   0.0 |      11 |       0 |   0.0
            +---------+---------+-------+---------+---------+-------
